 Dungeon Crawl Stone Soup version 0.31.0 (webtiles) character file.

Game seed: 15671847250766364265

66 qw the Shooter (level 4, 0/28 HPs)
             Began as a Gargoyle Hunter on Jan 19, 2024.
             Slain by Terence
             ... wielding a +1 heavy flail
              (6 damage)
             ... on level 2 of the Dungeon.
             The game lasted 00:00:04 (1051 turns).

qw the Shooter (Gargoyle Hunter)                    Turns: 1051, Time: 00:00:04

Health: 0/28       AC:  6    Str: 14    XL:     4   Next: 15%
Magic:  4/4        EV: 11    Int: 10    God:
Gold:   43         SH:  0    Dex: 15    Spells: 3/3 levels left

rFire   . . .        a - +0 shortbow
rCold   . . .        (shield currently unavailable)
rNeg    + . .        c - +0 leather armour
rPois   inf          (no helmet)
rElec   +            (no cloak)
rCorr   .            (no gloves)
SInv    .            (no boots)
Will    .....        (no amulet)
Stlth   ++           (no ring)
HPRegen 0.24/turn    (no ring)
MPRegen 0.09/turn

%: no passive effects
@: no status effects
A: sickness immunity, AC +3, negative energy resistance 1, electricity
resistance, torment resistance 1, petrification resistance
a: no special abilities


You were on level 2 of the Dungeon.
You visited 1 branch of the dungeon, and saw 2 of its levels.

You collected 43 gold pieces.


Innate Abilities, Weirdness & Mutations

You are immune to sickness and miasma.
Your stone body is resilient. (AC +3)
You are immune to poison.
You resist negative energy. (rN+)
You are resistant to electric shocks. (rElec)
You are resistant to unholy torment.
You are immune to petrification.


   Skills:
 - Level 3.1 Fighting
 + Level 5.1 Ranged Weapons
 - Level 1.5 Dodging
 - Level 1.1 Stealth


You had 3 spell levels left.
You didn't know any spells.
Your spell library was empty.

Inventory:

Hand Weapons
 a - a +0 shortbow (weapon)
Armour
 c - a +0 leather armour (worn)
Jewellery
 b - a ring of flight
Potions
 d - a potion of enlightenment
 i - a potion of heal wounds {unknown}
 j - a potion of mutation {unknown}

Dungeon Overview and Level Annotations

Branches:
Dungeon (2/15)

Altars:

Annotations:
D:2 Terence


Message History

The arrow hits Terence but does no damage.
Terence is severely wounded.
Terence closely misses you.
You shoot an arrow.
The arrow hits Terence but does no damage.
Terence is severely wounded.
Terence barely misses you.
You shoot an arrow. The arrow barely misses Terence.
An endoplasm comes into view.
Terence hits you with a +1 heavy flail.
You shoot an arrow. The arrow hits Terence.
Terence is almost dead.
You shoot an arrow. The arrow closely misses Terence.
Terence closely misses you. The endoplasm freezes you.
You are frozen.
You shoot an arrow. The arrow barely misses Terence.
Terence closely misses you. The endoplasm freezes you.
You are frozen.
You shoot an arrow.
The arrow hits Terence but does no damage.
Terence is almost dead.
The endoplasm barely misses you. Terence hits you but does no damage.
You shoot an arrow. The arrow hits Terence.
Terence is almost dead.
The endoplasm freezes you.
You are frozen.
The endoplasm freezes you.
You are frozen.
Terence says, "Don't bother to defend, it's senseless."
Terence hits you with a +1 heavy flail.
You shoot an arrow. The arrow completely misses Terence.
The endoplasm barely misses you.
You shoot an arrow.
The arrow hits Terence but does no damage.
Terence is almost dead.
Terence hits you with a +1 heavy flail.
You die...
Terence says, "That felt goooood."

#### ##... ##....
.....########
.####..J.......
......@@##..####
...#
.........#..##..
..#
......#..#..##.#
..#
.......#..#..##.#
..###......
#.....##.# +#
#..........
#.##...#.# ..
.###.........
####.....#####...%
.............
...............#
.###........
#######....###.#


You could see Terence and an endoplasm.

Vanquished Creatures
  Jessica (D:2)
  An adder (D:2)
  A dart slug (D:1)
  3 bats
  An endoplasm (D:1)
  2 giant cockroaches
  3 goblins (D:1)
  4 hobgoblins
  3 jackals (D:1)
  A ball python (D:2)
  4 frilled lizards (D:1)
  2 kobolds (D:1)
  4 rats
30 creatures vanquished.

Notes
Turn   | Place    | Note
-------+----------+-------------------------------------------
     0 | D:1      | qw the Gargoyle Hunter began the quest for the Orb.
     0 | D:1      | Reached XP level 1. HP: 12/12 MP: 1/1
     0 | D:1      | 0 ||| qw: Version: 0.3-a-132-g3d54051
     0 | D:1      | 0 ||| qw: Game counter: 302
     0 | D:1      | 0 ||| qw: Melee chars always use a shield: true
     0 | D:1      | 0 ||| qw: God list: Okawaru
     0 | D:1      | 0 ||| qw: Allow faded altars: false
     0 | D:1      | 0 ||| qw: Do Orc after clearing Dungeon:15 true
     0 | D:1      | 0 ||| qw: Do second Lair branch before Depths: true
     0 | D:1      | 0 ||| qw: Lair rune preference: random
     0 | D:1      | 0 ||| qw: Goals: Normal
     0 | D:1      | 0 ||| PLANNING D:1-11
   230 | D:1      | Reached XP level 2. HP: 17/17 MP: 2/2
   598 | D:1      | Reached XP level 3. HP: 21/21 MP: 3/3
   686 | D:1      | 686 ||| READING 2 scrolls labelled OKAMIR AWAMO.
   686 | D:1      | 686 ||| IDENTIFYING ruby potion
   687 | D:1      | 687 ||| READING scroll of identify.
   687 | D:1      | 687 ||| IDENTIFYING red potion
   688 | D:1      | 688 ||| READING scroll labelled RAFUWENODD.
   688 | D:1      | 688 ||| ENCHANTING +0 shortbow.
   689 | D:1      | 689 ||| READING scroll labelled ANUSUFYUXT.
   690 | D:1      | 690 ||| READING scroll labelled YNE HEAZEGUBI.
   706 | D:1      | 706 ||| DROPPING scroll of butterflies.
   707 | D:1      | 707 ||| DROPPING potion of berserk rage.
   760 | D:2      | Reached skill level 5 in Ranged Weapons
   835 | D:2      | Noticed Jessica
   837 | D:2      | 837 ||| FLEEEEING.
   844 | D:2      | 844 ||| FLEEEEING.
   845 | D:2      | 845 ||| FLEEEEING.
   846 | D:2      | 846 ||| FLEEEEING.
   850 | D:2      | 850 ||| FLEEEEING.
   851 | D:2      | 851 ||| FLEEEEING.
   852 | D:2      | 852 ||| FLEEEEING.
   853 | D:2      | 853 ||| FLEEEEING.
   854 | D:2      | 854 ||| FLEEEEING.
   859 | D:2      | Killed Jessica
   860 | D:2      | Reached skill level 3 in Fighting
   937 | D:2      | Reached XP level 4. HP: 28/28 MP: 4/4
  1030 | D:2      | Noticed Terence
  1049 | D:2      | HP: 6/28 [Terence/+1 heavy flail (4)]
  1051 | D:2      | Slain by Terence

Levels and vault maps discovered:
D:1:      minmay_arrival_solitary_statue, layout_loops_ring,
          dreamdust_princess_bridge
D:2:      layout_basic, uniq_jessica, uniq_terence

Skill      XL: |  1  2  3 |
---------------+----------+-----
Ranged Weapons | 5 |  5.1
Fighting       | 3 |  3.1
Dodging        | |  1.5
Stealth        | |  1.1

Action                     |  1- 3 |  4- 6 || total
---------------------------+-------+-------++-------
   Fire: Shortbow          |    72 |    25 ||    97
    Use: Scroll            |     5 |       ||     5
 Armour: Leather armour    |     9 |     6 ||    15
  Dodge: Dodged            |    12 |    10 ||    22

Table legend:
 A = Non-vault XP
 B = Vault XP
 C = Vault XP percentage of total XP
 D = Non-vault monster count
 E = Vault monster count
 F = Vault count percentage of total count
                 A         B        C        D         E       F
            +---------+---------+-------+---------+---------+-------
      Total |      58 |      37 |  38.9 |      29 |       1 |   3.3
            +---------+---------+-------+---------+---------+-------
        D:1 |      36 |       0 |   0.0 |      22 |       0 |   0.0
        D:2 |      22 |      37 |  62.7 |       7 |       1 |  12.5
            +---------+---------+-------+---------+---------+-------
